 Dungeon Crawl Stone Soup version 0.30-a0-46-g5a63ccc183 (webtiles) character file.

Game seed: 5042859297667635150

213 LnG the Chopper (level 5, -2/47 HPs)
             Began as a Hill Orc Fighter on Sept 1, 2022.
             Was an Initiate of Okawaru.
             Slain by a gnoll
             ... wielding a +0 club
             ... led by a gnoll bouda
              (3 damage)
             ... on level 4 of the Dungeon.
             The game lasted 00:08:34 (2628 turns).

LnG the Chopper (Hill Orc Fighter)                  Turns: 2628, Time: 00:08:34

Health: -2/47      AC:  9    Str: 21    XL:     5   Next: 90%
Magic:  5/5        EV:  9    Int:  8    God:    Okawaru [......]
Gold:   301        SH:  4    Dex: 10    Spells: 4/4 levels left

rFire   . . .      SeeInvis .    a - +0 war axe
rCold   . . .      Faith    .    c - +0 buckler
rNeg    . . .      Spirit   .    b - +0 scale mail
rPois   .          Reflect  .    (no helmet)
rElec   .          Harm     .    i - +0 cloak
rCorr   .          Rampage  .    (no gloves)
Will    .....                    p - +0 pair of boots
Stlth   ..........               (no amulet)
HPRegen 0.15/turn                (no ring)
MPRegen 0.09/turn                (no ring)

@: mighty
A: no striking features
a: Renounce Religion


You were on level 4 of the Dungeon.
You worshipped Okawaru.
Okawaru was noncommittal.
You visited 1 branch of the dungeon, and saw 4 of its levels.

You collected 301 gold pieces.

Inventory:

Hand Weapons
 a - a +0 war axe (weapon)
Armour
 b - a +0 scale mail (worn)
 c - a +0 buckler (worn)
 i - a +0 cloak (worn)
 p - a +0 pair of boots (worn)
Scrolls
 f - a scroll of enchant armour {unknown}
 h - a scroll of fog
 k - 2 scrolls of summoning
 o - a scroll of immolation {unknown}
 q - a scroll of enchant weapon {unknown}
 r - a scroll of teleportation {unknown}
 s - a scroll of fear {unknown}
Potions
 d - 2 potions of might
 e - a potion of lignification
 g - a potion of heal wounds
 j - a potion of cancellation {unknown}
 l - 4 potions of curing
 m - a potion of haste {unknown}
 n - a potion of brilliance {unknown}


   Skills:
 + Level 4.7 Fighting
 + Level 4.8 Axes
 + Level 4.5 Armour
 + Level 0.6 Dodging
 + Level 0.1 Stealth
 + Level 4.1 Shields


You had 4 spell levels left.
You didn't know any spells.
Your spell library contained the following spells:

 Spells                   Type           Power      Damage    Failure   Level
 Frozen Ramparts          Ice            0%         1d1       99%         3
 Ice Form                 Ice/Tmut       0%         N/A       100%        4
 Iskenderun's Battlesphe  Conj           0%         2d6       100%        5
 Iron Shot                Conj/Erth      0%         9d1       100%        6
 Summon Ice Beast         Ice/Summ       Unusable   N/A       N/A         4
 Spellforged Servitor     Conj/Summ      Unusable   N/A       N/A         7

Dungeon Overview and Level Annotations

Branches:
Dungeon (4/15)
 Temple: D:4-7

Altars:
Okawaru
Ru
Vehumet


Message History

You completely miss the gnoll.
The gnoll hits you from afar with a +0 halberd.
The gnoll barely misses you. The howler monkey hits you.
The gnoll hits you from afar with a +0 halberd!
You are too injured to fight recklessly!
You are too injured to fight recklessly!
You are too injured to fight recklessly!
You slice the howler monkey!!
You kill the howler monkey!
Okawaru accepts your kill.
You closely miss the gnoll. You slash the gnoll!
You kill the gnoll!
Okawaru accepts your kill. You block the gnoll's attack.
The gnoll bouda calls upon its god to heal the gnoll.
The gnoll is healed somewhat.
The gnoll hits you from afar with a +0 halberd.
The gnoll hits you but does no damage.
You closely miss the gnoll.
The gnoll is heavily wounded.
The gnoll is no longer moving quickly.
The gnoll barely misses you. The gnoll hits you but does no damage.
You closely miss the gnoll.
The gnoll is moderately wounded.
You slash the gnoll bouda!
The gnoll bouda barks out a call to the hunt!
The gnolls pick up the pace!
You block the gnoll's attack. The gnoll closely misses you.
The gnoll bouda hits you with a +0 whip.
* * * LOW HITPOINT WARNING * * *
The gnoll hits you from afar with a +0 halberd!
* * * LOW HITPOINT WARNING * * *
You slash the gnoll bouda!
You kill the gnoll bouda!
Okawaru accepts your kill.
You hit the gnoll. The gnoll hits you but does no damage.
The gnoll barely misses you. The gnoll hits you but does no damage.
Your Shields skill increases to level 4!
You block the gnoll's attack. The gnoll hits you with a +0 club.
You die...

##.. .....###......## #... #...
...............##.... ##..#
......#.............. ....
..##.................
#..#####..##...................
#..#.#...###........>.# ......
##.........##.......)..##......
##............g.........##......
##.........#.##g@.........#......
#.....#....###.).)...............
...#..##....#.....####......#...
......##....................#.#
......###.........#...#.......###
......# ###.......#..>#........#.
......####.......................
........###....#####.............
................##...............


You could see 2 gnolls.

Vanquished Creatures
  A howler monkey (D:4)
  A gnoll bouda (D:4)
  3 gnolls (D:4)
  5 adders
  2 dart slugs (D:1)
  9 ball pythons
  7 endoplasms
  5 giant cockroaches
  4 goblins
  7 hobgoblins
  7 kobolds
  2 quokkas
  4 bats
  5 frilled lizards
  6 rats
68 creatures vanquished.

Vanquished Creatures (collateral kills)
  A ball python (D:2)
1 creature vanquished.

Grand Total: 69 creatures vanquished

Notes
Turn   | Place    | Note
-------+----------+-------------------------------------------
     0 | D:1      | LnG the Hill Orc Fighter began the quest for the Orb.
     0 | D:1      | Reached XP level 1. HP: 19/19 MP: 1/1
   131 | D:1      | Reached XP level 2. HP: 27/27 MP: 2/2
   355 | D:1      | Reached XP level 3. HP: 31/33 MP: 3/3
  1232 | D:2      | Found a faded altar of an unknown god.
  1290 | D:2      | Reached XP level 4. HP: 40/40 MP: 4/4
  1744 | D:3      | Found a radiant altar of Vehumet.
  1851 | D:3      | Found a sacrificial altar of Ru.
  2308 | D:4      | Found an iron altar of Okawaru.
  2331 | D:4      | Became a worshipper of Warmaster Okawaru
  2488 | D:4      | Reached XP level 5. HP: 39/47 MP: 5/5
  2626 | D:4      | HP: 1/47 [gnoll/+0 halberd[a gnoll bouda] (10)]
  2628 | D:4      | Slain by a gnoll

Illustrated notes

Levels and vault maps discovered:
D:1:      minmay_arrival_checkered_box, layout_loops_ring,
          minmay_split_cup_small
D:2:      layout_basic, nicolae_ecumenical_snake_handling, minmay_tromino_v4_b
D:3:      layout_loops_cross, mainiacjoe_overflow_tiny_flanked,
          mainiacjoe_overflow_brackets
D:4:      layout_cave_pools, kennysheep_okawaru_gauntlet,
          minmay_temple_entry_fiery

Skill      XL: |  1  2  3  4  5 |
---------------+----------------+-----
Fighting       | 4 |  4.7
Axes           | 3 4 |  4.8
Armour         | 4 |  4.5
Shields        | 4 |  4.1
Dodging        | |  0.6
Stealth        | |  0.1

Action                   |  1- 3 |  4- 6 || total
-------------------------+-------+-------++-------
Melee: War axe           |   101 |    73 ||   174
  Use: Scroll            |     5 |     2 ||     7
       Potion            |       |     1 ||     1
Armor: Scale mail        |    57 |    56 ||   113
Dodge: Dodged            |    54 |    45 ||    99
Block: Buckler           |    32 |    28 ||    60

Table legend: (Time is in decaauts)
 A = Elapsed time spent in this place.
 B = Non-inter-level travel time spent in this place.
 C = Inter-level travel time spent in this place.
 D = Time resting spent in this place.
 E = Time spent auto-exploring this place.
 F = Levels seen in this place.
 G = Mean time per level.
                   A        B        C        D        E       F      G
               +--------+--------+--------+--------+--------+-----+--------+
         Total |   2692 |   2584 |    108 |    177 |   1536 |   4 |  673.0 |
       Dungeon |   2692 |   2584 |    108 |    177 |   1536 |   4 |  673.0 |
               +--------+--------+--------+--------+--------+-----+--------+

Top non-repeatable levels by time:
     D:1: 884 daAuts
     D:3: 749 daAuts
     D:2: 628 daAuts
     D:4: 431 daAuts
